| TOP OF THE 1ST |
|
Peoria Chiefs batting - Pitching for Hagerstown Suns : RHP Chris Close
|
|
Pitching: RHP Chris Close
|
|
|
Batting: LHB Ichiro Toyota
|
0-0: Foul Ball, location: 2F 0-1: Ball 1-1: Called Strike 1-2: Ground out U3 (Groundball, 3, EV 83.8 MPH)
|
|
Batting: RHB Dan Boykins
|
0-0: Foul Ball, location: 2F 0-1: DOUBLE (Line Drive, 89D, EV 106.3 MPH)
|
|
Batting: RHB Travis Leonard
|
0-0: Called Strike 0-1: Ball 1-1: Ball 2-1: Ball 3-1: Swinging Strike 3-2: Strikes out looking
|
|
Batting: LHB Ken Compton
|
0-0: Called Strike 0-1: Foul Ball, location: 2F 0-2: Ball 1-2: Ground out 4-3 (Groundball, 4, EV 107.5 MPH)
|
| Top of the 1st over - 0 runs, 1 hit, 0 errors, 1 left on base; Peoria 0 - Hagerstown 0 |
| BOTTOM OF THE 1ST |
|
Hagerstown Suns batting - Pitching for Peoria Chiefs : RHP Ben Cook
|
|
Pitching: RHP Ben Cook
|
|
|
Batting: RHB Pat Drader
|
0-0: Ball 1-0: Called Strike 1-1: TRIPLE (Flyball, 89XD, EV 90.6 MPH)
|
|
Batting: LHB Ben Montgomery
|
0-0: Ball 1-0: Swinging Strike 1-1: Ball 2-1: Swinging Strike 2-2: Fly out, F8 (Flyball, 8RXD, EV 103.1 MPH) Runner from 3rd tags up, SCORES, no throw by CF
|
|
Batting: RHB Kevin Wick
|
0-0: Ball 1-0: Swinging Strike 1-1: Called Strike 1-2: Foul Ball, location: 2F 1-2: Foul Ball, location: 2F 1-2: Strikes out swinging
|
|
Batting: RHB Justin Slifka
|
0-0: Ball 1-0: Called Strike 1-1: Swinging Strike 1-2: Ground out 5-3 (Groundball, 56, EV 110.6 MPH)
|
| Bottom of the 1st over - 1 run, 1 hit, 0 errors, 0 left on base; Peoria 0 - Hagerstown 1 |
| TOP OF THE 2ND |
|
Peoria Chiefs batting - Pitching for Hagerstown Suns : RHP Chris Close
|
|
Batting: RHB Justin Reich
|
0-0: Foul Ball, location: 2F 0-1: Called Strike 0-2: TRIPLE (Line Drive, 9D, EV 103.8 MPH)
|
|
Batting: RHB Armando Estrada
|
0-0: Called Strike 0-1: Swinging Strike 0-2: Ground out 5-3 (Groundball, 56S, EV 75.0 MPH) Justin Reich scores
|
|
Batting: SHB Josh Conner
|
0-0: Called Strike 0-1: Foul Ball, location: 2F 0-2: DOUBLE (Groundball, 3L, EV 103.1 MPH)
|
|
Batting: RHB Chris Simmons
|
0-0: Swinging Strike 0-1: Ball 1-1: Foul Ball, location: 2F 1-2: Foul Ball, location: 2F 1-2: Ball 2-2: Strikes out swinging
|
|
Batting: RHB Perry Huse
|
0-0: Swinging Strike 0-1: Ball 1-1: Ball 2-1: Swinging Strike 2-2: Ground out 6-3 (Groundball, 6S, EV 87.5 MPH)
|
| Top of the 2nd over - 1 run, 2 hits, 0 errors, 1 left on base; Peoria 1 - Hagerstown 1 |
| BOTTOM OF THE 2ND |
|
Hagerstown Suns batting - Pitching for Peoria Chiefs : RHP Ben Cook
|
|
Batting: LHB Rich Hannus
|
0-0: Ball 1-0: Ball 2-0: Ball 3-0: Base on Balls
|
|
Batting: RHB Joe Young
|
0-0: Ball 1-0: Called Strike Rich Hannus is caught stealing 2nd base 2-4 1-1: Called Strike 1-2: Foul Ball, location: 2F 1-2: Strikes out swinging
|
|
Batting: RHB Tony Madrigal
|
0-0: Swinging Strike 0-1: Ball 1-1: Swinging Strike 1-2: Strikes out swinging
|
| Bottom of the 2nd over - 0 runs, 0 hits, 0 errors, 0 left on base; Peoria 1 - Hagerstown 1 |
| TOP OF THE 3RD |
|
Peoria Chiefs batting - Pitching for Hagerstown Suns : RHP Chris Close
|
|
Batting: LHB Ichiro Toyota
|
0-0: Called Strike 0-1: Foul Ball, location: 2F 0-2: Strikes out swinging
|
|
Batting: RHB Dan Boykins
|
0-0: Ball 1-0: Called Strike 1-1: DOUBLE (Flyball, 89D, EV 103.8 MPH)
|
|
Batting: RHB Travis Leonard
|
0-0: Foul Ball, location: 2F 0-1: Foul Ball, location: 2F 0-2: Foul Ball, location: 2F 0-2: Ground out U3 (Groundball, 13, EV 87.5 MPH) Dan Boykins to third
|
|
Batting: LHB Ken Compton
|
0-0: TRIPLE (Flyball, 8LXD, EV 88.8 MPH) Dan Boykins scores
|
|
Batting: RHB Justin Reich
|
0-0: Ball 1-0: Called Strike 1-1: Ball 2-1: Ground out 5-3 (Groundball, 56, EV 96.9 MPH)
|
| Top of the 3rd over - 1 run, 2 hits, 0 errors, 1 left on base; Peoria 2 - Hagerstown 1 |
| BOTTOM OF THE 3RD |
|
Hagerstown Suns batting - Pitching for Peoria Chiefs : RHP Ben Cook
|
|
Batting: RHB Josh Courtney
|
0-0: Called Strike 0-1: Fly out, F6 (Popup, 6, EV 66.9 MPH)
|
|
Batting: RHB Scott Skoglund
|
0-0: Ball 1-0: Swinging Strike 1-1: Ground out 6-3 (Groundball, 6, EV 81.9 MPH)
|
|
Batting: RHB Pat Drader
|
0-0: Ball 1-0: Fly out, F9 (Line Drive, 9, EV 108.1 MPH)
|
| Bottom of the 3rd over - 0 runs, 0 hits, 0 errors, 0 left on base; Peoria 2 - Hagerstown 1 |
| TOP OF THE 4TH |
|
Peoria Chiefs batting - Pitching for Hagerstown Suns : RHP Chris Close
|
|
Batting: RHB Armando Estrada
|
0-0: Ball 1-0: Ground out 4-3 (Groundball, 4, EV 83.1 MPH)
|
|
Batting: SHB Josh Conner
|
0-0: Ball 1-0: Ball 2-0: Called Strike 2-1: Called Strike 2-2: Ground out 1-3 (Groundball, P, EV 61.9 MPH)
|
|
Batting: RHB Chris Simmons
|
0-0: Called Strike 0-1: Reached on error, E4 (Groundball, 6MD, EV 80.6 MPH)
|
|
Batting: RHB Perry Huse
|
0-0: Called Strike 0-1: Ball 1-1: Ball 2-1: Ball 3-1: Base on Balls Chris Simmons to second
|
|
Batting: LHB Ichiro Toyota
|
0-0: Ball 1-0: Ball 2-0: Ball 3-0: Called Strike 3-1: Fly out, F7 (Flyball, 7LM, EV 95.0 MPH)
|
| Top of the 4th over - 0 runs, 0 hits, 1 error, 2 left on base; Peoria 2 - Hagerstown 1 |
| BOTTOM OF THE 4TH |
|
Hagerstown Suns batting - Pitching for Peoria Chiefs : RHP Ben Cook
|
|
Batting: LHB Ben Montgomery
|
0-0: Ball 1-0: DOUBLE (Flyball, 8LXD, EV 106.9 MPH)
|
|
Batting: RHB Kevin Wick
|
0-0: Ball 1-0: Foul Ball, location: 2F 1-1: Ball 2-1: Ball 3-1: Base on Balls
|
|
Batting: RHB Justin Slifka
|
0-0: Ball Ben Montgomery steals 3rd base 1-0: Ball 2-0: Foul Ball, location: 2F 2-1: Called Strike 2-2: Strikes out swinging
|
|
Batting: LHB Rich Hannus
|
0-0: Called Strike 0-1: Ball 1-1: Fly out, F8 (Flyball, 8LXD, EV 101.3 MPH) Runner from 3rd tags up, SCORES, no throw by CF
|
|
Batting: RHB Joe Young
|
0-0: Ball 1-0: Ball Kevin Wick is caught stealing 2nd base 2-4
|
| Bottom of the 4th over - 1 run, 1 hit, 0 errors, 0 left on base; Peoria 2 - Hagerstown 2 |
| TOP OF THE 5TH |
|
Peoria Chiefs batting - Pitching for Hagerstown Suns : RHP Chris Close
|
|
Batting: RHB Dan Boykins
|
0-0: Foul Ball, location: 2F 0-1: Ball 1-1: Ball 2-1: Ball 3-1: Fly out, F8 (Flyball, 8LM, EV 91.9 MPH)
|
|
Batting: RHB Travis Leonard
|
0-0: Ball 1-0: Foul Ball, location: 2F 1-1: Fly out, F8 (Flyball, 78D, EV 102.5 MPH)
|
|
Batting: LHB Ken Compton
|
0-0: Foul Ball, location: 2F 0-1: Ball 1-1: Ground out 6-3 (Groundball, 6, EV 89.4 MPH)
|
| Top of the 5th over - 0 runs, 0 hits, 0 errors, 0 left on base; Peoria 2 - Hagerstown 2 |
| BOTTOM OF THE 5TH |
|
Hagerstown Suns batting - Pitching for Peoria Chiefs : RHP Ben Cook
|
|
Batting: RHB Joe Young
|
0-0: Foul Ball, location: 2F 0-1: Foul Ball, location: 2F 0-2: Strikes out swinging
|
|
Batting: RHB Tony Madrigal
|
0-0: Ball 1-0: DOUBLE (Flyball, 89D, EV 105.0 MPH)
|
|
Batting: RHB Josh Courtney
|
0-0: Intentional Walk
|
|
Batting: RHB Scott Skoglund
|
0-0: Called Strike 0-1: Foul Ball, location: 2F 0-2: Ball 1-2: Ball 2-2: Foul Ball, location: 2F 2-2: Grounds into double play, 6-4-3 (Groundball, 6S, EV 85.0 MPH)
|
| Bottom of the 5th over - 0 runs, 1 hit, 0 errors, 1 left on base; Peoria 2 - Hagerstown 2 |
| TOP OF THE 6TH |
|
Peoria Chiefs batting - Pitching for Hagerstown Suns : RHP Chris Close
|
|
Pitching: RHP Roy Walker
|
|
|
Batting: RHB Justin Reich
|
0-0: Foul Ball, location: 2F 0-1: Ball 1-1: DOUBLE (Groundball, 5L, EV 102.5 MPH)
|
|
Batting: RHB Armando Estrada
|
0-0: Ball 1-0: Ground out 5-3 (Groundball, 56S, EV 83.1 MPH)
|
|
Batting: SHB Josh Conner
|
0-0: Ball 1-0: Swinging Strike 1-1: Foul Ball, location: 2F 1-2: Ball 2-2: Ball 3-2: Base on Balls
|
|
Pinch Hitting: SHB Bobby O'Leary
|
0-0: Foul Ball, location: 2F 0-1: DOUBLE (Line Drive, 89D, EV 107.5 MPH) Justin Reich scores Josh Conner to third Runner from 3rd tries for Home, SAFE, throw by CF to trailing runner, SAFE at third!
|
|
Batting: RHB Perry Huse
|
0-0: Called Strike 0-1: SINGLE (Line Drive, 6D, EV 114.4 MPH) Bobby O'Leary scores
|
|
Pitching: RHP Luis Cruz
|
|
|
Batting: LHB Ichiro Toyota
|
0-0: Called Strike 0-1: Foul Ball, location: 2F 0-2: Foul Ball, location: 2F 0-2: SINGLE (Popup, 5D, EV 64.4 MPH) Perry Huse to second
|
|
Batting: RHB Dan Boykins
|
0-0: Ball 1-0: Called Strike 1-1: Swinging Strike 1-2: Ball 2-2: Foul Ball, location: 2F 2-2: Foul Ball, location: 2F 2-2: Ball 3-2: Base on Balls Perry Huse to third Ichiro Toyota to second
|
|
Batting: RHB Travis Leonard
|
0-0: Called Strike 0-1: Foul Ball, location: 2F 0-2: Grounds into fielders choice 4-2 (Groundball, 4, EV 83.1 MPH) Ichiro Toyota to third Dan Boykins to second
|
|
Batting: LHB Ken Compton
|
0-0: Ball 1-0: Hit by Pitch Ichiro Toyota scores Dan Boykins to third Travis Leonard to second
|
|
Batting: RHB Justin Reich
|
0-0: Called Strike 0-1: Called Strike 0-2: Foul Ball, location: 2F 0-2: Ball 1-2: SINGLE (Line Drive, 89M, EV 98.1 MPH) Dan Boykins scores Travis Leonard to third Ken Compton to second Runner from 3rd tries for Home, SAFE, throw by RF to home
|
|
Batting: RHB Armando Estrada
|
0-0: Ball 1-0: Foul Ball, location: 2F 1-1: Fielders Choice at 2nd, 6-4 (Groundball, 6, EV 100.0 MPH)
|
| Top of the 6th over - 6 runs, 5 hits, 0 errors, 2 left on base; Peoria 8 - Hagerstown 2 |
| BOTTOM OF THE 6TH |
|
Hagerstown Suns batting - Pitching for Peoria Chiefs : RHP Ben Cook
|
|
Now in LF: Ken Compton
|
|
|
Now in CF: Ichiro Toyota
|
|
|
Now in RF: Bobby O'Leary
|
|
|
Batting: RHB Pat Drader
|
0-0: Ball 1-0: Called Strike 1-1: DOUBLE (Line Drive, 7LD, EV 98.8 MPH)
|
|
Batting: LHB Ben Montgomery
|
0-0: Called Strike 0-1: Ground out 6-3 (Groundball, 6, EV 98.1 MPH)
|
|
Batting: RHB Kevin Wick
|
0-0: Called Strike Pat Drader steals 3rd, throwing error, E2 Pat Drader scores 0-1: Ball 1-1: Ground out 6-3 (Groundball, 6, EV 91.3 MPH)
|
|
Batting: RHB Justin Slifka
|
0-0: Foul Ball, location: 2F 0-1: Foul Ball, location: 2F 0-2: Ball 1-2: Ground out 5-3 (Groundball, 56, EV 88.1 MPH)
|
| Bottom of the 6th over - 1 run, 1 hit, 1 error, 0 left on base; Peoria 8 - Hagerstown 3 |
| TOP OF THE 7TH |
|
Peoria Chiefs batting - Pitching for Hagerstown Suns : RHP Luis Cruz
|
|
Batting: SHB Josh Conner
|
0-0: Ball 1-0: Ground out 6-3 (Groundball, 6, EV 103.8 MPH)
|
|
Batting: SHB Bobby O'Leary
|
0-0: Called Strike 0-1: Ball 1-1: Ball 2-1: Ground out 4-3 (Groundball, 4D, EV 105.6 MPH)
|
|
Batting: RHB Perry Huse
|
0-0: Called Strike 0-1: Ball 1-1: Foul Ball, location: 2F 1-2: Ball 2-2: Ground out 5-3 (Groundball, 5, EV 88.8 MPH)
|
| Top of the 7th over - 0 runs, 0 hits, 0 errors, 0 left on base; Peoria 8 - Hagerstown 3 |
| BOTTOM OF THE 7TH |
|
Hagerstown Suns batting - Pitching for Peoria Chiefs : RHP Ben Cook
|
|
Batting: LHB Rich Hannus
|
0-0: Ball 1-0: Ball 2-0: Foul Ball, location: 2F 2-1: Called Strike 2-2: Ball 3-2: Foul Ball, location: 2F 3-2: Strikes out swinging
|
|
Pitching: RHP Daniel Escalante
|
|
|
Batting: RHB Joe Young
|
0-0: Ball 1-0: Ball 2-0: Called Strike 2-1: Ground out 5-3 (Groundball, 5L, EV 89.4 MPH)
|
|
Batting: RHB Tony Madrigal
|
0-0: Called Strike 0-1: Ball 1-1: Ball 2-1: Foul Ball, location: 2F 2-2: Strikes out swinging
|
| Bottom of the 7th over - 0 runs, 0 hits, 0 errors, 0 left on base; Peoria 8 - Hagerstown 3 |
| TOP OF THE 8TH |
|
Peoria Chiefs batting - Pitching for Hagerstown Suns : RHP Luis Cruz
|
|
Batting: LHB Ichiro Toyota
|
0-0: Called Strike 0-1: Called Strike 0-2: Strikes out swinging
|
|
Batting: RHB Dan Boykins
|
0-0: Ground out 1-3 (Groundball, P, EV 75.6 MPH)
|
|
Batting: RHB Travis Leonard
|
0-0: Ball 1-0: Swinging Strike 1-1: Foul Ball, location: 2F 1-2: Strikes out swinging
|
| Top of the 8th over - 0 runs, 0 hits, 0 errors, 0 left on base; Peoria 8 - Hagerstown 3 |
| BOTTOM OF THE 8TH |
|
Hagerstown Suns batting - Pitching for Peoria Chiefs : RHP Daniel Escalante
|
|
Batting: RHB Josh Courtney
|
0-0: Ball 1-0: Swinging Strike 1-1: Ball 2-1: Ball 3-1: Called Strike 3-2: Strikes out swinging
|
|
Batting: RHB Scott Skoglund
|
0-0: Called Strike 0-1: Ball 1-1: Called Strike 1-2: Ground out 5-3 (Groundball, 56S, EV 78.8 MPH)
|
|
Batting: RHB Pat Drader
|
0-0: Called Strike 0-1: Ground out 6-3 (Groundball, 6MS, EV 78.8 MPH)
|
| Bottom of the 8th over - 0 runs, 0 hits, 0 errors, 0 left on base; Peoria 8 - Hagerstown 3 |
| TOP OF THE 9TH |
|
Peoria Chiefs batting - Pitching for Hagerstown Suns : RHP Luis Cruz
|
|
Pitching: RHP Gilberto Ricalde
|
|
|
Batting: LHB Ken Compton
|
0-0: Ball 1-0: Ground out 5-3 (Groundball, 56, EV 88.1 MPH)
|
|
Batting: RHB Justin Reich
|
0-0: Ball 1-0: Called Strike 1-1: Ball 2-1: Ground out 5-3 (Groundball, 56S, EV 85.6 MPH)
|
|
Batting: RHB Armando Estrada
|
0-0: Foul Ball, location: 2F 0-1: Ground out 6-3 (Groundball, 6, EV 81.3 MPH)
|
| Top of the 9th over - 0 runs, 0 hits, 0 errors, 0 left on base; Peoria 8 - Hagerstown 3 |
| BOTTOM OF THE 9TH |
|
Hagerstown Suns batting - Pitching for Peoria Chiefs : RHP Daniel Escalante
|
|
Batting: LHB Ben Montgomery
|
0-0: DOUBLE (Line Drive, 89D, EV 110.0 MPH)
|
|
Pitching: RHP Rich Young
|
|
|
Batting: RHB Kevin Wick
|
0-0: Ball 1-0: Called Strike 1-1: Called Strike 1-2: Foul Ball, location: 2F 1-2: Strikes out looking
|
|
Batting: RHB Justin Slifka
|
0-0: Ball 1-0: Foul Ball, location: 2F 1-1: Ball 2-1: Foul Ball, location: 2F 2-2: Ball 3-2: Foul Ball, location: 2F 3-2: Foul Ball, location: 2F 3-2: SINGLE (Groundball, 56D, EV 104.4 MPH) Ben Montgomery to third
|
|
Batting: LHB Rich Hannus
|
0-0: Fielders Choice at 2nd, 4-6 (Groundball, 34, EV 88.1 MPH) Ben Montgomery scores
|
|
Pinch Hitting: LHB Yoshiya Kurokawa
|
0-0: Ball 1-0: Swinging Strike 1-1: Called Strike 1-2: Ball 2-2: Fielders Choice at 2nd, 5-4 (Groundball, 56, EV 83.1 MPH)
|
| Bottom of the 9th over - 1 run, 2 hits, 0 errors, 1 left on base; Peoria 8 - Hagerstown 4 |
|